 Dungeon Crawl Stone Soup version 0.23.2-40-g277498a001 (webtiles) character file.

Game seed: 12593957816390955111

1484224 KPOPmixtape the Ninja (level 27, 161/161 HPs)
             Began as a Spriggan Enchanter on Aug 28, 2019.
             Was an Initiate of Gozag.
             Escaped with the Orb
             ... and 3 runes on Aug 31, 2019!
             The game lasted 04:50:03 (93849 turns).

KPOPmixtape the Ninja (Spriggan Enchanter)         Turns: 93849, Time: 04:50:04

Health: 161/161    AC: 10    Str:  9    XL:     27
Magic:  75/75      EV: 38    Int: 33    God:    Gozag
Gold:   854        SH: 15    Dex: 20    Spells: 27/72 levels left

rFire    + . .     SeeInvis +   a - +5 dagger (venom)
rCold    + . .     Gourm    .   K - +3 warlock's mirror {reflect}
rNeg     + . .     Faith    .   b - +1 faerie dragon scales {rF+ rCorr Dex+3}
rPois    +         Spirit   +   S - +3 hat of Pondering {ponderous, MR+ MP+10 Int+5}
rElec    .         Reflect  +   e - scarf {Spirit}
rCorr    +         Harm     .   (gloves unavailable)
MR       +++++                  (boots unavailable)
Stlth    +++.......             E - +4 amulet of reflection
HPRegen  0.36/turn              r - ring of magical power
MPRegen  0.44/turn              h - ring "Azxafuad" {rPois rC+ rN+ MR- Str+4}

@: gold aura, very quick
A: very small, unfitting armour, antennae 1, see invisible, herbivore, speed 3,
high mp 1, magic resistance 1, slow metabolism 2
0: Orb of Zot
}: 3/15 runes: decaying, silver, gossamer
a: Potion Petition, Call Merchant, Bribe Branch, Renounce Religion


You escaped.
You worshipped Gozag.
Gozag was pleased with you.
You were not hungry.

You visited 10 branches of the dungeon, and saw 50 of its levels.
You also visited: Gauntlet and Wizlab.

You collected 31265 gold pieces.
You spent 5219 gold pieces at shops.
You paid 25192 gold pieces to Gozag.

Inventory:

Hand Weapons
 a - a +5 dagger of venom (weapon)
Armour
 b - the +1 faerie dragon scales (worn) {rF+ rCorr Dex+3}
   (You took it off the Enchantress on level 15 of the Dungeon)

   It affects your dexterity (+3).
   It protects you from fire.
   It provides partial protection from all sources of acid and corrosion.
 e - a scarf of spirit shield (worn)
 K - the +3 warlock's mirror (worn) {reflect}
   (You acquired it in a Gauntlet)
 S - the +3 hat of Pondering (worn) {ponderous, MR+ MP+10 Int+5}
   (You took it off Gastronok on level 1 of the Lair of Beasts)

   It affects your intelligence (+5).
   It affects your resistance to hostile enchantments.
   It affects your magic capacity (+10).
 Y - the +1 cloak of Starlight {rElec rC+ EV+4 Stlth--}
   (You found it in a wizard's laboratory)

   It affects your evasion (+4).
   It protects you from cold.
   It insulates you from electricity.
   It makes you much less stealthy.
Jewellery
 h - the ring "Azxafuad" (right hand) {rPois rC+ rN+ MR- Str+4}
   (You found it on level 3 of the Depths)

   [ring of poison resistance]

   It affects your strength (+4).
   It protects you from cold.
   It protects you from poison.
   It protects you from negative energy.
   It affects your resistance to hostile enchantments.
 r - a ring of magical power (left hand)
 w - an uncursed ring of protection from cold
 D - an uncursed ring of protection from fire
 E - a +4 amulet of reflection (around neck)
 G - the ring of the Coward {rPois rF+ Stlth-}
   (You took it off a vampire knight on level 4 of the Depths)

   [ring of attention]

   It protects you from fire.
   It protects you from poison.
   It makes you less stealthy.
 L - an uncursed ring of positive energy
Wands
 C - a wand of iceblast (40)
 P - a wand of clouds (16)
 U - a wand of digging (23)
Scrolls
 f - 8 scrolls of identify
 g - 4 scrolls of magic mapping
 j - 16 scrolls of remove curse
 m - 15 scrolls of fog
 n - 14 scrolls of teleportation
 p - 9 scrolls of enchant weapon
 t - a scroll of silence
 v - 2 scrolls of summoning
 x - 7 scrolls of blinking
 y - 8 scrolls of fear
 I - 6 scrolls of holy word
 M - 9 scrolls of vulnerability
 R - 8 scrolls of immolation
 X - 10 scrolls of enchant armour
Potions
 c - 11 potions of ambrosia
 k - 5 potions of magic
 l - 14 potions of flight
 o - 11 potions of brilliance
 s - 14 potions of curing
 z - 10 potions of haste
 A - 8 potions of heal wounds
 B - 9 potions of cancellation
 F - 3 potions of mutation
 H - 6 potions of agility
 N - 2 potions of might
 V - 7 potions of invisibility
 W - 4 potions of berserk rage
 Z - 5 potions of resistance
Miscellaneous
 J - a lamp of fire
Comestibles
 d - 44 rations


   Skills:
 + Level 21.8 Fighting
 - Level 10.0 Short Blades
 O Level 27 Dodging
 O Level 27 Stealth
 - Level 7.2 Shields
 + Level 23.4 Spellcasting
 - Level 15.0 Hexes
 - Level 10.0 Charms
 - Level 8.0 Necromancy
 - Level 3.4 Translocations
 - Level 2.0 Ice Magic
 - Level 6.0 Air Magic
 - Level 6.0 Earth Magic


You had 27 spell levels left.
You knew the following spells:

 Your Spells              Type           Power        Failure   Level  Hunger
a - Borgnjor's Vile Clut  Necr/Erth      ######....   1%          5    None
b - Ensorcelled Hibernat  Hex/Ice        ######       1%          2    None
c - Confuse               Hex            #######.     0%          3    None
d - Confusing Touch       Hex            ######       0%          1    None
e - Dazzling Spray        Conj/Hex       ######       1%          3    None
f - Blink                 Tloc           N/A          1%          2    None
g - Summon Mana Viper     Hex/Summ       ######..     1%          5    None
h - Invisibility          Hex            #######.     1%          6    None
i - Silence               Hex/Air        #######...   1%          5    None
j - Deflect Missiles      Chrm/Air       #######...   7%          6    None
k - Regeneration          Chrm/Necr      #######...   1%          3    None
l - Tukima's Dance        Hex            #######.     0%          3    None
m - Apportation           Tloc           ######       1%          1    None

Your spell library contained the following spells:

 Spells                   Type           Power        Failure   Level  Hunger
 Corona                   Hex            #######      0%          1    None
 Slow                     Hex            #######.     0%          2    None
 Animate Skeleton         Necr           N/A          1%          1    None
 Freeze                   Ice            ####         1%          1    None
 Magic Dart               Conj           ####         1%          1    None
 Pain                     Necr           ####         1%          1    None
 Sandblast                Erth           ######       1%          1    None
 Sting                    Conj/Pois      ####         1%          1    None
 Summon Butterflies       Summ           #####...     1%          1    None
 Summon Small Mammal      Summ           ####         1%          1    None
 Call Imp                 Summ           #####...     1%          2    None
 Passwall                 Tmut/Erth      ######..     1%          2    None
 Poisonous Vapours        Pois/Air       ######       1%          2    None
 Shroud of Golubria       Chrm/Tloc      ######....   1%          2    None
 Song of Slaying          Chrm           #######.     1%          2    None
 Swiftness                Chrm/Air       #######.     1%          2    None
 Throw Frost              Conj/Ice       #####.       1%          2    None
 Gell's Gravitas          Tloc           ######....   1%          3    None
 Inner Flame              Hex/Fire       ######..     1%          3    None
 Lesser Beckoning         Tloc           ######....   1%          3    None
 Mephitic Cloud           Conj/Pois/Air  ######..     1%          3    None
 Ozocubu's Armour         Chrm/Ice       ######..     1%          3    None
 Portal Projectile        Hex/Tloc       ######       1%          3    None
 Recall                   Summ/Tloc      N/A          1%          3    None
 Spectral Weapon          Hex/Chrm       #######.     1%          3    None
 Stone Arrow              Conj/Erth      ######       1%          3    None
 Summon Guardian Golem    Hex/Summ       ######..     1%          3    None
 Teleport Other           Tloc           ######..     1%          3    None
 Vampiric Draining        Necr           #######...   1%          3    None
 Animate Dead             Necr           N/A          1%          4    None
 Cause Fear               Hex            #######...   1%          4    None
 Leda's Liquefaction      Hex/Erth       #######...   1%          4    None
 Excruciating Wounds      Chrm/Necr      #######...   1%          5    None
 Metabolic Englaciation   Hex/Ice        #######...   1%          5    None
 Yara's Violent Unravell  Hex/Tmut       ######....   1%          5    None
 Darkness                 Hex            #######...   1%          6    None
 Lee's Rapid Deconstruct  Erth           ######....   2%          5    None
 Call Canine Familiar     Summ           #####...     3%          3    None
 Conjure Flame            Conj/Fire      #####...     3%          3    None
 Ignite Poison            Fire/Tmut/Pois #####...     3%          3    None
 Petrify                  Tmut/Erth      ######..     3%          4    None
 Summon Lightning Spire   Summ/Air       ######..     3%          4    None
 Death Channel            Necr           #######...   7%          6    None
 Summon Ice Beast         Ice/Summ       #####...     8%          4    None
 Throw Icicle             Conj/Ice       #####...     8%          4    None
 Lightning Bolt           Conj/Air       ######....   10%         5    None
 Iskenderun's Mystic Bla  Conj           #####...     12%         4    None
 Bolt of Magma            Conj/Fire/Erth ######....   14%         5    None
 Summon Forest            Summ/Tloc      ######....   16%         5    None
 Discord                  Hex            #######...   17%         8    ###....
 Simulacrum               Ice/Necr       ######....   24%         6    None
 Alistair's Intoxication  Tmut/Pois      #####...     32%         5    None
 Aura of Abjuration       Summ           #####.....   32%         5    None
 Fireball                 Conj/Fire      #####.....   32%         5    None
 Irradiate                Conj/Tmut      #####.....   32%         5    None
 Venom Bolt               Conj/Pois      #####.....   32%         5    None
 Conjure Ball Lightning   Conj/Air       ######....   47%         6    None
 Iron Shot                Conj/Erth      ######....   47%         6    None
 Statue Form              Tmut/Erth      ######...    47%         6    None
 Freezing Cloud           Conj/Ice/Air   ######....   52%         6    None
 Bolt of Cold             Conj/Ice       #####.....   77%         6    None
 Ring of Flames           Chrm/Fire      ######....   78%         7    None
 Bolt of Fire             Conj/Fire      #####.....   88%         6    None
 Poison Arrow             Conj/Pois      #####.....   88%         6    None
 Shadow Creatures         Summ           N/A          88%         6    None
 Malign Gateway           Summ/Tloc      ######....   99%         7    None
 Spellforged Servitor     Conj/Summ      #####.....   100%        7    None
 Summon Hydra             Summ           #####.....   100%        7    None
 Chain Lightning          Conj/Air       ######....   100%        8    ###....
 Controlled Blink         Tloc           N/A          100%        8    ###....
 Disjunction              Tloc           ######....   100%        8    ###....
 Ignition                 Fire           #####.....   100%        8    ###....
 Lehudib's Crystal Spear  Conj/Erth      ######....   100%        8    ###....
 Fire Storm               Conj/Fire      #####.....   100%        9    #####..
 Glaciate                 Conj/Ice       #####.....   100%        9    #####..
 Shatter                  Erth           ######....   100%        9    #####..
 Tornado                  Air            ######....   100%        9    #####..
 Passage of Golubria      Tloc           Unusable     N/A         4    N/A

Dungeon Overview and Level Annotations

Branches:
Dungeon (15/15)            Temple (1/1) D:7            Lair (6/6) D:11
  Swamp (4/4) Lair:4       Spider (4/4) Lair:2        Slime (0/5) Lair:5
    Orc (2/2) D:9             Elf (3/3) Orc:2        Vaults (5/5) D:14
  Crypt (0/3) Vaults:3     Depths (5/5) D:15            Zot (5/5) Depths:5

Altars:
Ashenzari
Cheibriados
Dithmenos
Elyvilon
Fedhas
Gozag
Hepliaklqana
Kikubaaqudgha
Makhleb
Nemelex Xobeh
Okawaru
Qazlal
Ru
Sif Muna
Trog
Uskayaw
Vehumet
Wu Jian
Xom
Yredelemnul
Zin
The Shining One

Shops:
D:1 *   D:4 [   D:5 =   D:10 *   D:14 !   Orc:1 :   Orc:2 [[[:!(   Elf:3 }=
Vaults:3 *[   Depths:1 *

Portals:
Hell: Depths:1 Depths:2 Depths:3 Depths:4 Depths:5
Abyss: Depths:1 Depths:4 Depths:5
Pandemonium: Depths:3 Depths:4
Ziggurat: Depths:2

Annotations:
D:7 1 runed translucent door
D:10 exclusions: 2 orc sorcerers and wizard
D:12 Jorgrun
D:15 exclusion: upstairs
Lair:1 1 runed translucent door, Jabberih's ghost, journeyman TrHu
Lair:5 3 runed translucent doors, Sassenached's ghost, journeyman KoCj
Swamp:4 Lernaean hydra
Elf:2 3 runed translucent doors
Elf:3 2 exclusions
Depths:4 2 runed translucent doors
Depths:5 1 runed translucent door, Tutoar's ghost, adept FoEn
Zot:3 exclusions: door and downstairs
Zot:5 Tiamat


Innate Abilities, Weirdness & Mutations

You are very small and have problems with some larger weapons.
You are too small for most types of armour.
You have supernaturally acute eyesight. (SInv)
You are a herbivore.
You cover ground extremely quickly.
You need to consume almost no food.
You have a pair of small antennae on your head.
You have an increased reservoir of magic. (+10% MP)
You are resistant to hostile enchantments. (MR+)


Message History

There is a stone staircase leading up here.
You climb upwards.
Magic restored.
There is a stone staircase leading down here.
There is an open door here.
There is an open door here.
There is an open door here.
There is a staircase leading out of the dungeon here.
Unknown command.
There is a staircase leading out of the dungeon here.
You start resting.
HP restored. [a] 1217 gold - Qocysch's Food Emporium [b] 1413 gold - Janan's Distillery [c] 1739 gold - Oxuaqo's General Store [d] 1048 gold - Tiudgh's Weapon Boutique Fund which merchant?
You no longer have enough gold to fund merchants seeking to open stores in the dungeon.
Oxuaqo invites you to visit his General Store.
There is a staircase leading out of the dungeon here.
You have escaped!

#.##.####.##.## ########
#.#..# #.#.#.## #......#
#.#'#####..###.## #.##.#.#
#.#.# #...## ##.# #.#....#
##.#'# #.#..###..#
####......###..#.###.#...#.#.#
#.............##'##.....#.##.#
#>##......#####...#####.#....#
...#......'.'.'.@∩'.'.'.###..#
...####.#######...#####.###..#
..#.# ### ###'## #......#
.#.## ##'#.# #####.## ...#
##..#'# #.# ##.### ##...#.#
####.# #.#.## ##....#'###
##.##.#
##....####.........####...#.#
.....[...'.........'........#


There were no monsters in sight!

Vanquished Creatures
  3 juggernauts
  Mara (Spider:4)
  Frederick (Depths:3)
  Margery (Depths:3)
  5 caustic shrikes
  7 golden dragons
  the Enchantress (D:15)
  Nikola (Spider:1)
  2 bone dragons (Depths:5)
  7 liches
  An electric golem (Zot:3)
  11 tentacled monstrosities
  4 Orb Guardians
  A deep elf blademaster (Elf:3)
  5 titans
  A deep elf master archer (Elf:3)
  6 quicksilver dragons
  A death cob (Zot:2)
  5 sphinxes
  3 shadow dragons
  An eldritch tentacle (WizLab)
  Gastronok (Lair:1)
  7 tengu reavers
  2 draconian monks
  5 storm dragons
  Roxanne (Spider:1)
  Donald (Spider:4)
  13 fire giants
  5 iron dragons
  18 frost giants
  5 deep elf sorcerers
  2 draconian knights (Zot:1)
  A juggernaut zombie (Depths:2)
  2 deep elf elementalists (Elf:3)
  A ghost moth (shapeshifter) (Vaults:3)
  Aizul (Elf:3)
  A balrug (Depths:3)
  3 ghost moths
  An orc warlord (Orc:2)
  2 draconian scorchers
  3 emperor scorpions
  Louise (D:14)
  16 vault wardens
  7 spriggan defenders
  A war gargoyle (Vaults:1)
  A draconian annihilator (Zot:4)
  20 stone giants
  7 entropy weavers
  24 very ugly things
  19 ironheart preservers
  3 black draconians
  7 vampire knights
  6 deep elf demonologists
  Nessos (D:14)
  7 green draconians
  2 deep elf annihilators
  5 red draconians
  A minotaur (Gauntlet)
  8 spark wasps
  2 purple draconians
  2 white draconians
  An eidolon (Vaults:3)
  4 deep elf death magi
  19 ettins
  21 fire dragons
  A merfolk impaler (Depths:3)
  4 jiangshi
  19 yaktaur captains
  21 vault guards
  3 deep elf high priests
  17 great orbs of eyes
  An ice dragon (shapeshifter) (Depths:4)
  8 rakshasas
  2 shambling mangroves (Swamp:3)
  22 hydras
  9 spriggan air magi
  A catoblepas (D:9)
  4 ghost crabs
  A queen ant (Lair:2)
  4 death knights
  9 ice dragons
  An alligator snapping turtle (shapeshifter) (Depths:4)
  16 centaur warriors
  17 ogre magi
  17 alligators
  47 two-headed ogres
  6 orc high priests
  2 vampire magi
  8 deep troll shamans
  Urug (Lair:6)
  9 spriggan berserkers
  7 deep troll earth magi
  A thrashing horror (WizLab)
  Nergalle (D:11)
  2 sun demons (Depths:3)
  16 deep elf knights
  6 flayed ghosts
  2 iron trolls (Depths:3)
  A sixfirhy (WizLab)
  21 deep trolls
  12 hell knights
  7 skeletal warriors
  4 unseen horrors
  8 glowing orange brains
  7 wizards
  A sea snake (shapeshifter) (Depths:2)
  15 swamp dragons
  24 deep elf archers
  21 orc knights
  An obsidian statue (WizLab)
  6 phantasmal warriors
  17 ironbrand convokers
  14 necromancers
  A shining eye (shapeshifter) (Depths:5)
  37 ugly things
  A lindwurm (Lair:4)
  An orb spider (shapeshifter) (Depths:2)
  50 wolf spiders
  3 harpies (Vaults:2)
  5 cyclopes
  61 deep elf magi
  A mana viper (WizLab)
  A worldbinder (WizLab)
  24 orb spiders
  6 orc sorcerers
  2 manticores (D:12)
  A naga mage (D:15)
  A guardian serpent (shapeshifter) (Vaults:2)
  An elephant (shapeshifter) (Vaults:5)
  10 moths of wrath
  A smoke demon (WizLab)
  17 vault sentinels
  A guardian serpent (Lair:6)
  3 gargoyles
  A torpor snail (shapeshifter) (Vaults:3)
  3 apocalypse crabs (Zot:3)
  11 black mambas
  2 orange demons (WizLab)
  26 spiny frogs
  A hellion (WizLab)
  A storm dragon simulacrum (Vaults:5)
  A yaktaur zombie (Vaults:5)
  A stone giant skeleton (Vaults:4)
  60 yaktaurs
  A yaktaur (shapeshifter) (Depths:2)
  6 kobold demonologists
  15 demonic crawlers
  2 rime drakes (Lair:4)
  5 freezing wraiths
  An ice devil (Depths:5)
  6 komodo dragons
  2 queen bees (shapeshifter)
  7 tengu conjurers
  9 trolls
  44 jumping spiders
  18 hornets
  A polar bear (Lair:5)
  2 polar bears (shapeshifter)
  9 tyrant leeches
  56 slime creatures
  A tengu simulacrum (Vaults:5)
  Prince Ribbit (D:8)
  2 hornets (shapeshifter)
  8 bog bodies
  22 blink frogs
  11 hippogriffs
  A raiju (WizLab)
  9 dream sheep
  A blink frog (shapeshifter) (Vaults:3)
  2 hippogriffs (shapeshifter)
  10 water elementals
  An ettin skeleton (Vaults:5)
  98 redbacks
  A ynoxinul (WizLab)
  34 tarantellas
  2 centaur simulacra
  A redback (shapeshifter) (Vaults:5)
  6 spriggans
  2 shadows
  2 starcursed masses (WizLab)
  An air elemental (Elf:1)
  8 wyverns
  5 wraiths
  3 basilisks
  21 yaks
  2 hogs (D:10)
  A human (D:10)
  A steam dragon (D:9)
  A hog (shapeshifter) (Elf:1)
  A golden eye (Gauntlet)
  5 hungry ghosts
  A steam dragon (shapeshifter) (Vaults:2)
  28 vampire mosquitoes
  An insubstantial wisp (WizLab)
  2 spatial vortices (WizLab)
  4 human simulacra
  A naga (shapeshifter) (Vaults:2)
  5 wargs
  8 soldier ants
  16 swamp worms
  2 floating eyes (shapeshifter)
  29 water moccasins
  A floating eye (Depths:4)
  2 acid dragons
  An elf simulacrum (Vaults:5)
  8 porcupines
  5 ice beasts
  15 swamp drakes
  A black bear (shapeshifter) (D:13)
  An eye of draining (shapeshifter) (Vaults:4)
  59 orc warriors
  2 black bears
  2 sky beasts
  3 eyes of draining
  A wolf (shapeshifter) (D:9)
  12 wolves
  An ettin simulacrum (Vaults:2)
  A phantom (D:4)
  16 boggarts
  48 ogres
  3 necrophages
  15 centaurs
  4 human skeletons
  8 crocodiles
  An elf skeleton (Vaults:2)
  An orc skeleton (WizLab)
  8 big kobolds
  A big kobold (shapeshifter) (Vaults:3)
  20 bullfrogs
  2 gnoll sergeants
  3 earth elementals
  A yaktaur skeleton (WizLab)
  A wyvern zombie (D:14)
  7 scorpions
  6 wights
  9 killer bees
  2 electric eels
  6 howler monkeys
  10 crimson imps
  A wyvern simulacrum (Gauntlet)
  2 bullfrog zombies
  4 quasits
  2 jellies
  11 hounds
  34 orc priests
  2 bullfrog skeletons
  5 centaur skeletons
  25 orc wizards
  41 worker ants
  2 crocodile zombies (Swamp:3)
  A bullfrog simulacrum (Gauntlet)
  A hound zombie (D:8)
  A hound skeleton (D:7)
  A worker ant zombie (D:11)
  18 adders
  7 gnolls
  A swamp drake zombie (Swamp:3)
  5 shadow imps
  An ooze (D:2)
  3 adder skeletons
  8 worms
  A dart slug (D:2)
  7 leopard geckos
  124 orcs
  A ball python (D:3)
  9 giant cockroaches
  5 goblins
  6 hobgoblins
  15 jackals
  4 quokkas
  3 bats (D:2)
  7 frilled lizards
  A jackal skeleton (D:4)
  A jackal zombie (D:6)
  27 kobolds
  A quokka skeleton (D:6)
  6 rats
  A plant (Lair:6)
2334 creatures vanquished.

Vanquished Creatures (collateral kills)
  A juggernaut (Depths:2)
  3 ancient liches (Zot:5)
  2 Killer Klowns (Zot:2)
  2 golden dragons
  Arachne (Spider:4)
  A lich (Vaults:3)
  An electric golem (Zot:5)
  5 tentacled monstrosities
  A quicksilver dragon (Zot:3)
  8 Orb Guardians (Zot:5)
  5 death cobs
  A deep elf blademaster (Elf:3)
  2 thorn hunters
  3 shadow dragons
  5 storm dragons
  3 deep elf sorcerers
  A frost giant (Depths:5)
  2 draconian scorchers
  3 vault wardens
  2 draconian shifters
  2 draconian knights (Zot:2)
  A draconian annihilator (Zot:4)
  An ironheart preserver (Vaults:3)
  An entropy weaver (Zot:2)
  A vampire knight (Vaults:3)
  A very ugly thing (Depths:1)
  4 green draconians
  2 deep elf annihilators
  6 black draconians
  2 deep elf demonologists (Elf:3)
  2 purple draconians
  A red draconian (Zot:4)
  3 yellow draconians
  4 deep elf death magi
  10 white draconians
  An eidolon (Vaults:3)
  A green death (Zot:5)
  A fire dragon (Zot:4)
  A rakshasa (Depths:1)
  A hell beast (Zot:5)
  A deep elf high priest (Elf:3)
  2 shambling mangroves
  2 vault guards
  2 dancing weapons
  An ogre mage (Vaults:4)
  9 two-headed ogres
  A deep troll earth mage (Depths:3)
  2 spriggans
  2 deep elf knights
  2 shadow wraiths
  A spriggan druid (Swamp:4)
  4 deep trolls (Depths:3)
  An orange crystal statue (Zot:5)
  3 deep elf archers
  2 ironbrand convokers
  A phantasmal warrior (Vaults:3)
  4 wolf spiders
  5 deep elf magi
  2 ugly things (Vaults:1)
  5 moths of wrath (Zot:4)
  A vault sentinel (Vaults:3)
  3 demonic crawlers
  4 freezing wraiths
  2 yaktaurs
  2 jumping spiders
  A troll (Depths:3)
  6 hornets
  2 wraiths
  7 redbacks
  5 water elementals
  3 air elementals
  A tarantella (Spider:1)
  2 fire elementals (Elf:2)
  4 insubstantial wisps (Swamp:3)
  4 ogres
  A centaur (shapeshifter) (Elf:1)
  2 earth elementals (Elf:1)
  An orc priest (Vaults:4)
  An orc wizard (D:12)
  A gnoll (D:9)
  2 orcs
205 creatures vanquished.

Vanquished Creatures (others)
  An ancient lich (Zot:5)
  Saint Roka (Depths:3)
  A curse toe (Zot:3)
  3 Killer Klowns
  A golden dragon (Zot:2)
  An electric golem (Zot:5)
  2 tentacled monstrosities (Zot:5)
  8 Orb Guardians (Zot:5)
  2 deep elf master archers
  A death cob (Zot:3)
  A draconian monk (Zot:3)
  2 frost giants
  2 draconian knights (Zot:4)
  A ghost moth (Zot:5)
  2 draconian annihilators
  3 draconian shifters
  A draconian stormcaller (Zot:4)
  2 purple draconians (Zot:3)
  7 green draconians
  4 black draconians
  5 yellow draconians
  3 white draconians
  2 red draconians
  2 two-headed ogres (Vaults:3)
  18 dancing weapons
  A deep elf knight (Elf:3)
  2 deep elf archers
  A deep elf mage (Vaults:3)
  5 moths of wrath
  7 yaktaurs
  A wraith (Vaults:3)
  A tarantella (Spider:3)
  A swamp worm (Swamp:3)
  A boggart (Vaults:3)
  An ogre (Vaults:4)
  2 centaurs (Vaults:1)
  An orc wizard (Elf:3)
  An orc (Orc:2)
  A kobold (D:14)
  A briar patch (Swamp:2)
  5 fungi
  12 plants
  17 withered plants (Gauntlet)
137 creatures vanquished.

Grand Total: 2676 creatures vanquished

Notes
Turn   | Place    | Note
-------+----------+-------------------------------------------
     0 | D:1      | KPOPmixtape the Spriggan Enchanter began the quest for the
                  | Orb.
     0 | D:1      | Reached XP level 1. HP: 9/9 MP: 5/5
  1316 | D:2      | Reached XP level 2. HP: 13/13 MP: 4/6
  1360 | D:2      | Learned a level 2 spell: Ensorcelled Hibernation
  1555 | D:2      | Reached skill level 5 in Stealth
  1555 | D:2      | Reached XP level 3. HP: 16/16 MP: 5/8
  2259 | D:2      | Learned a level 3 spell: Confuse
  2456 | D:3      | Reached XP level 4. HP: 21/21 MP: 7/10
  3573 | D:3      | Reached XP level 5. HP: 12/24 MP: 3/12
  3575 | D:3      | Reached skill level 1 in Ice Magic
  4485 | D:4      | Noticed a phantom
  4533 | D:4      | Noticed an ogre
  4533 | D:4      | Noticed an ogre
  4755 | D:4      | Learned a level 3 spell: Tukima's Dance
  4954 | D:4      | Found a deep blue altar of Sif Muna.
  5008 | D:4      | Killed an ogre
  5008 | D:4      | Reached skill level 5 in Hexes
  5008 | D:4      | Reached XP level 6. HP: 28/28 MP: 13/13
  5356 | D:4      | Found Waunithi's Armour Emporium.
  5367 | D:4      | Reached skill level 5 in Spellcasting
  5367 | D:4      | Reached XP level 7. HP: 31/32 MP: 15/15
  5412 | D:4      | Found an ornate altar of the Wu Jian Council.
  5412 | D:4      | Found a shadowy altar of Dithmenos.
  5645 | D:5      | Entered Level 5 of the Dungeon
  5713 | D:5      | Noticed a yak
  5742 | D:5      | Killed a yak
  5847 | D:5      | Reached skill level 5 in Dodging
  5961 | D:5      | Reached XP level 8. HP: 35/36 MP: 13/17
  6498 | D:5      | Found Penoinn's Jewellery Shop.
  6652 | D:5      | Got a bloodstained rapier
  6653 | D:5      | Identified the cursed +2 rapier of Death's Door {flame,
                  | rElec MR+ Str-4} (You found it on level 5 of the Dungeon)
  6724 | D:5      | Found a glowing silver altar of Zin.
  6866 | D:5      | Learned a level 3 spell: Dazzling Spray
  6948 | D:6      | Reached skill level 5 in Short Blades
  7523 | D:7      | Reached XP level 9. HP: 37/39 MP: 19/20
  7764 | D:7      | Found a glowing silver altar of Zin.
  7765 | D:7      | Found a runed translucent door.
  7765 | D:7      | Noticed an angel
  8004 | D:7      | Found a staircase to the Ecumenical Temple.
  8037 | D:7      | Reached skill level 10 in Stealth
  8247 | Temple   | Entered the Ecumenical Temple
  8255 | Temple   | Became a worshipper of Gozag Ym Sagoz the Greedy
  8766 | D:8      | Found a hazy altar of Hepliaklqana.
  8822 | D:8      | Found a white marble altar of Elyvilon.
  8870 | D:8      | Noticed Prince Ribbit
  8877 | D:8      | Killed Prince Ribbit
  9011 | D:8      | Found a sacrificial altar of Ru.
  9011 | D:8      | Found an ancient bone altar of Kikubaaqudgha.
  9627 | D:9      | Noticed a two-headed ogre
  9642 | D:9      | Killed a two-headed ogre
  9642 | D:9      | Reached XP level 10. HP: 40/44 MP: 10/23
 10263 | D:9      | Reached skill level 1 in Fighting
 10558 | D:9      | Found a staircase to the Orcish Mines.
 10599 | D:9      | Noticed a catoblepas
 10602 | D:9      | Noticed a two-headed ogre
 10947 | D:9      | Killed a catoblepas
 11153 | D:9      | Noticed a deep elf mage
 11156 | D:9      | Killed a deep elf mage
 11167 | D:9      | Noticed a flayed ghost
 11179 | D:9      | Killed a flayed ghost
 11287 | D:10     | Entered Level 10 of the Dungeon
 11319 | D:10     | Reached XP level 11. HP: 50/50 MP: 25/25
 11651 | D:10     | Noticed an orc sorcerer
 11651 | D:10     | Noticed a wizard
 11923 | D:10     | Found Yhey's General Store.
 11931 | D:10     | Bought a potion of heal wounds for 65 gold pieces
 11931 | D:10     | Bought a potion of ambrosia for 104 gold pieces
 12522 | D:10     | Noticed an orc sorcerer
 12772 | D:11     | Reached skill level 10 in Spellcasting
 13187 | D:11     | Noticed Nergalle
 13190 | D:11     | Killed Nergalle
 13350 | D:11     | Found a staircase to the Lair.
 13557 | D:12     | Reached skill level 10 in Short Blades
 13557 | D:12     | Reached skill level 10 in Dodging
 13779 | D:12     | Noticed a two-headed ogre
 13811 | D:12     | Noticed a red ugly thing
 13823 | D:12     | Killed a red ugly thing
 13840 | D:12     | Killed a two-headed ogre
 13840 | D:12     | Reached skill level 15 in Stealth
 13842 | D:12     | Reached XP level 12. HP: 44/58 MP: 21/27
 14024 | D:12     | Noticed Jorgrun
 14194 | Lair:1   | Entered Level 1 of the Lair of Beasts
 14197 | Lair:1   | Reached skill level 10 in Hexes
 14225 | Lair:1   | Noticed Gastronok
 14237 | D:11     | Learned a level 2 spell: Blink
 14351 | Lair:1   | Reached skill level 1 in Translocations
 14428 | Lair:1   | Noticed a seven-headed hydra
 14460 | Lair:1   | Killed a seven-headed hydra
 15054 | Lair:1   | Killed Gastronok
 15144 | Lair:1   | Found a runed translucent door.
 15149 | Lair:1   | Noticed Jabberih's ghost (journeyman TrHu)
 15432 | Lair:2   | Found a hole to the Spider Nest.
 15639 | Lair:2   | Noticed a queen ant
 15843 | Lair:2   | Got an encrusted buckler
 15850 | Lair:2   | Identified the +2 buckler of the Curious Deaths {Dex+4}
                  | (You found it on level 2 of the Lair of Beasts)
 16136 | Lair:2   | Reached skill level 1 in Shields
 16146 | Lair:2   | Killed a queen ant
 16265 | Lair:2   | Reached skill level 5 in Fighting
 17055 | Lair:3   | Reached XP level 13. HP: 63/63 MP: 29/29
 17581 | Lair:4   | Identified 3 scrolls of acquirement
 17782 | Lair:4   | Found a dark tunnel.
 18093 | Lair:4   | Found a staircase to the Swamp.
 18451 | Lair:4   | Learned a level 5 spell: Borgnjor's Vile Clutch
 18527 | Lair:5   | Found a runed translucent gate.
 18527 | Lair:5   | Found a runed translucent gate.
 18527 | Lair:5   | Found a runed translucent gate.
 18530 | Lair:5   | Noticed Sassenached's ghost (journeyman KoCj)
 18571 | Lair:5   | Found a gate leading to a gauntlet.
 18591 | Lair:5   | Found an iron altar of Okawaru.
 18619 | Gauntlet | Entered a Gauntlet
 18619 | Gauntlet | Found a transporter.
 18643 | Gauntlet | Found a transporter.
 18658 | Gauntlet | Found a transporter.
 18663 | Gauntlet | Found a transporter.
 18678 | Gauntlet | Found a transporter.
 18679 | Gauntlet | Noticed a balrug
 18696 | Gauntlet | Noticed a cacodemon
 18697 | Gauntlet | Found a transporter.
 18709 | Gauntlet | Found a transporter.
 18721 | Gauntlet | Found a transporter.
 18721 | Gauntlet | Noticed a reaper
 18732 | Gauntlet | Noticed a death ooze
 18733 | Gauntlet | Found a transporter.
 18739 | Gauntlet | Found a transporter.
 18739 | Gauntlet | Found a transporter.
 18754 | Gauntlet | Found a transporter.
 18760 | Gauntlet | Found a transporter.
 18799 | Gauntlet | Found a transporter.
 18825 | Gauntlet | Found a transporter.
 18827 | Gauntlet | Found a transporter.
 18847 | Gauntlet | Found a transporter.
 18925 | Gauntlet | Found a transporter.
 19137 | Gauntlet | Found the +3 warlock's mirror {reflect}
 19157 | Gauntlet | Got a translucent hat
 19168 | Gauntlet | Identified the -4 hat "Juarov" {rC++} (You acquired it in a
                  | Gauntlet)
 19728 | Gauntlet | Identified the cursed +1 war axe of Defiance {chop, Str-4
                  | Int+4}
 19728 | Gauntlet | Noticed a minotaur
 19747 | Gauntlet | Killed a minotaur
 19855 | Gauntlet | Identified the Guide on Conjuration
 20364 | Lair:5   | Found a staircase to the Slime Pits.
 20603 | Lair:6   | Entered Level 6 of the Lair of Beasts
 21192 | Lair:6   | Reached XP level 14. HP: 41/69 MP: 8/31
 21640 | Lair:6   | Noticed Urug
 21648 | Lair:6   | Killed Urug
 22097 | Lair:6   | Reached skill level 5 in Shields
 22266 | Lair:6   | Reached XP level 15. HP: 72/72 MP: 32/32
 23228 | D:13     | Paralysed by a floating eye for 3 turns
 24195 | D:14     | Got a twisted buckler
 24206 | D:14     | Identified the +1 buckler "Eqefask" {Str+2 SInv} (You
                  | acquired it on level 14 of the Dungeon)
 24300 | D:14     | Found a gate to the Vaults.
 24596 | D:14     | Found an opulent altar of Gozag.
 24830 | D:14     | Noticed Louise
 24902 | D:14     | Killed Louise
 25508 | D:14     | Found Gybiokhlahiy's Distillery.
 25754 | D:14     | Noticed Nessos
 25759 | D:14     | Killed Nessos
 25943 | D:15     | Entered Level 15 of the Dungeon
 26372 | D:15     | Reached skill level 1 in Earth Magic
 26469 | D:15     | Reached skill level 1 in Necromancy
 26551 | D:15     | Reached XP level 16. HP: 79/79 MP: 34/34
 26871 | D:15     | Found a staircase to the Depths.
 27691 | Orc:1    | Entered Level 1 of the Orcish Mines
 28055 | Orc:1    | Found Tucweucwet's Book Boutique.
 28391 | Orc:2    | Entered Level 2 of the Orcish Mines
 29038 | Orc:2    | Found a staircase to the Elven Halls.
 30799 | Orc:2    | Found Zefosenab's Book Shoppe.
 30802 | Orc:2    | Found Qytra's Distillery.
 30803 | Orc:2    | Found Hexewit's Antique Weapon Shoppe.
 30804 | Orc:2    | Found Hilukais's Weapon Shoppe.
 30808 | Orc:2    | Bought a potion of degeneration for 14 gold pieces
 30808 | Orc:2    | Bought a potion of invisibility for 112 gold pieces
 30808 | Orc:2    | Bought a potion of heal wounds for 70 gold pieces
 30811 | Orc:2    | Bought a book of Beasts for 825 gold pieces
 30817 | Orc:2    | Learned a level 5 spell: Summon Mana Viper
 30946 | Orc:1    | Bought a book of Party Tricks for 600 gold pieces
 30953 | Orc:1    | Learned a level 6 spell: Invisibility
 31119 | Spider:1 | Entered Level 1 of the Spider Nest
 31119 | Spider:1 | Noticed Nikola
 31208 | Spider:1 | Killed Nikola
 31208 | Spider:1 | Reached skill level 15 in Dodging
 31435 | Spider:1 | Noticed Roxanne
 31987 | Spider:1 | Found a runed translucent door.
 32737 | Spider:1 | Killed Roxanne
 33453 | Spider:2 | Reached XP level 17. HP: 85/85 MP: 36/36
 34076 | Spider:1 | Gained mutation: Your magical capacity is low. (-10% MP)
                  | [mutagenic glow]
 34126 | Spider:1 | Gained mutation: You are clumsy. (Dex -2) [mutagenic glow]
 34342 | Spider:2 | Reached skill level 5 in Earth Magic
 34352 | Spider:2 | Reached skill level 5 in Necromancy
 37308 | Spider:4 | Entered Level 4 of the Spider Nest
 38263 | Swamp:1  | Entered Level 1 of the Swamp
 40760 | Swamp:3  | Found a shattered altar of Ashenzari.
 41594 | Swamp:3  | Reached XP level 18. HP: 92/93 MP: 33/33
 41640 | Swamp:3  | Paralysed by a hornet for 3 turns
 42191 | Swamp:4  | Entered Level 4 of the Swamp
 42559 | Swamp:4  | Noticed the 27-headed Lernaean hydra
 43648 | Swamp:4  | Reached skill level 10 in Fighting
 43913 | Swamp:4  | Got a decaying rune of Zot
 44738 | Orc:1    | Bought a book of Necromancy for 360 gold pieces
 44738 | Orc:1    | Bought a book of the Sky for 780 gold pieces
 44746 | Orc:1    | Learned a level 6 spell: Deflect Missiles
 44750 | Orc:1    | Learned a level 3 spell: Regeneration
 44756 | Orc:1    | Learned a level 5 spell: Silence
 44810 | Elf:1    | Entered Level 1 of the Elven Halls
 45122 | Elf:1    | Reached skill level 1 in Charms
 46597 | Elf:1    | Identified the Papyrus of Supportive Arcane Weapons
 46979 | Elf:2    | Reached skill level 15 in Hexes
 47443 | Elf:2    | Found a runed translucent gate.
 47450 | Elf:2    | Found a runed translucent gate.
 47450 | Elf:2    | Found a runed translucent gate.
 47578 | Elf:2    | Reached skill level 15 in Spellcasting
 47907 | Elf:2    | Reached skill level 5 in Charms
 48106 | Elf:2    | Reached XP level 19. HP: 92/99 MP: 35/35
 48853 | Elf:3    | Entered Level 3 of the Elven Halls
 48853 | Elf:3    | Found Qoorgh's Jewellery Boutique.
 49083 | Elf:3    | Reached skill level 1 in Air Magic
 49100 | Elf:3    | Noticed Aizul
 49107 | Elf:3    | Killed Aizul
 49521 | Elf:3    | Identified the +1 robe of Vomo {Stlth+}
 49783 | Elf:3    | Identified the cursed +1 great sword "Nanet" {drain, rF+
                  | rC+ Dex+6}
 50063 | Elf:3    | Found Puiss's Gadget Boutique.
 50188 | Elf:3    | Gained mutation: Your magical capacity is very low. (-20%
                  | MP) [a cacodemon]
 51513 | Elf:3    | Identified Sotzi's Incunabulum of Venom and Companions
 51751 | Orc:2    | Bought a +2 robe of fire resistance for 283 gold pieces
 51884 | Orc:2    | Bought a potion of mutation for 112 gold pieces
 51884 | Orc:2    | Bought a potion of magic for 112 gold pieces
 52120 | D:14     | Bought 2 potions of mutation for 192 gold pieces
 52120 | D:14     | Bought a potion of magic for 96 gold pieces
 52312 | Vaults:1 | Entered Level 1 of the Vaults
 52976 | Vaults:1 | Reached skill level 10 in Charms
 53157 | Vaults:1 | Noticed a lich
 53420 | Vaults:1 | Killed a lich
 53420 | Vaults:1 | Reached XP level 20. HP: 105/105 MP: 32/32
 55392 | Vaults:2 | Reached skill level 5 in Air Magic
 55503 | Vaults:2 | Found a magical portal.
 55516 | WizLab   | Entered The Roulette of Golubria
 55516 | WizLab   | Found a transporter.
 55519 | WizLab   | Found a corrupted altar of Lugonu.
 55527 | WizLab   | Learned a level 1 spell: Confusing Touch
 55529 | WizLab   | Learned a level 1 spell: Apportation
 55540 | WizLab   | Found a transporter.
 55548 | WizLab   | Found a transporter.
 55556 | WizLab   | Found a transporter.
 55581 | WizLab   | Found a transporter.
 55600 | WizLab   | Found a corrupted altar of Lugonu.
 55652 | WizLab   | Found a transporter.
 55678 | WizLab   | Found a transporter.
 55703 | WizLab   | Found a transporter.
 55734 | WizLab   | Found the +1 cloak of Starlight {rElec rC+ EV+4 Stlth--}
 55767 | WizLab   | Found a transporter.
 55922 | WizLab   | Found a corrupted altar of Lugonu.
 55922 | WizLab   | Found a transporter.
 56083 | WizLab   | Found a transporter.
 56083 | WizLab   | Found a transporter.
 56127 | WizLab   | Found a transporter.
 56324 | WizLab   | Found a transporter.
 56324 | WizLab   | Found a transporter.
 56363 | WizLab   | Got a crude cloak
 56365 | WizLab   | Identified the +2 cloak of the Unseen Realm {rF- Str+7}
                  | (You found it in a wizard's laboratory)
 56367 | WizLab   | Got a fine cloak
 56426 | WizLab   | Identified the Almanac of Dislocation
 56459 | WizLab   | Identified the cursed +0 cloak of Jeohin {-Tele +Inv rN+
                  | Str+3} (You found it in a wizard's laboratory)
 56460 | WizLab   | Got a translucent cloak
 56472 | WizLab   | Identified the cursed +0 cloak "Addeico" {rPois} (You found
                  | it in a wizard's laboratory)
 58386 | Vaults:2 | Reached XP level 21. HP: 105/111 MP: 34/34
 61828 | Vaults:3 | Found a staircase to the Crypt.
 63275 | Vaults:3 | Bought a potion of heal wounds for 100 gold pieces
 63277 | Vaults:3 | Bought tiger eye-encrusted ice dragon scales for 1170 gold
                  | pieces
 63277 | Vaults:3 | Identified the cursed +0 ice dragon scales of Purpose
                  | {rPois rF- rC++} (You bought it in a shop on level 3 of the
                  | Vaults)
 63936 | Vaults:4 | Reached XP level 22. HP: 98/118 MP: 36/36
 64760 | Vaults:3 | Identified the +6 great sword of Insufficient Pleasure
                  | {speed, rPois MR+ Str+3 Dex-4}
 65069 | Depths:1 | Entered Level 1 of the Depths
 65293 | Depths:1 | Reached skill level 27 in Stealth
 65379 | Depths:1 | Identified the +1 faerie dragon scales {rF+ rCorr Dex+3}
 65379 | Depths:1 | Noticed the Enchantress
 65541 | Depths:1 | Found Eweawog's Antique Artefacts.
 65549 | Depths:1 | Bought a shimmering dagger for 224 gold pieces
 65549 | Depths:1 | Identified the +5 dagger "Hiryarph" {distort, *Slow rElec
                  | Str+4} (You bought it in a shop on level 1 of the Depths)
 65625 | Depths:1 | Found a gateway to Hell.
 66744 | Depths:1 | Found a shattered altar of Ashenzari.
 66787 | Depths:1 | Found a one-way gate to the infinite horrors of the Abyss.
 67384 | D:15     | Killed the Enchantress
 67765 | Depths:2 | Found a gateway to a ziggurat.
 68121 | Depths:2 | Noticed a caustic shrike
 68717 | Depths:2 | Killed a caustic shrike
 69058 | Depths:2 | Reached XP level 23. HP: 92/124 MP: 38/38
 69380 | Depths:2 | Noticed a caustic shrike
 69401 | Depths:2 | Killed a caustic shrike
 69527 | Depths:2 | Noticed a juggernaut
 69786 | Depths:2 | Killed a juggernaut
 71061 | Depths:2 | Got a faintly glowing golden ring
 71075 | Depths:2 | Got a sparkling pewter amulet
 71108 | Depths:2 | Identified the ring "Cuthregy" {*Tele Dex+4} (You found it
                  | on level 2 of the Depths)
 71240 | Depths:2 | Reached skill level 15 in Fighting
 71356 | Depths:3 | Noticed Margery
 71370 | Depths:3 | Killed Margery
 71525 | Depths:3 | Noticed Saint Roka
 73260 | Depths:3 | Killed Saint Roka
 73818 | Depths:3 | Noticed a caustic shrike
 73825 | Depths:3 | Killed a caustic shrike
 74009 | Depths:3 | Noticed a juggernaut
 74163 | Depths:3 | Found a one-way gate leading to the halls of Pandemonium.
 74530 | Depths:3 | Noticed Frederick
 74550 | Depths:3 | Killed Frederick
 74905 | Depths:3 | Killed a juggernaut
 74967 | Depths:3 | Reached XP level 24. HP: 133/133 MP: 38/38
 75189 | Depths:3 | Noticed a juggernaut
 75191 | Depths:3 | Killed a juggernaut
 75198 | Depths:3 | Identified the Incunabulum of Transmigration and Good Luck
 75202 | Depths:3 | Got a clouded steel ring
 75208 | Depths:3 | Identified the amulet "Quzosiap" {Gourm rF- Str+8 Dex+6}
                  | (You found it on level 2 of the Depths)
 75211 | Depths:3 | Identified the ring "Azxafuad" {rPois rC+ rN+ MR- Str+4}
                  | (You found it on level 3 of the Depths)
 75526 | Depths:4 | Noticed a juggernaut
 75899 | Depths:4 | Found a sacrificial altar of Ru.
 75899 | Depths:4 | Found a radiant altar of Vehumet.
 75899 | Depths:4 | Found a bloodstained altar of Trog.
 75899 | Depths:4 | Found an ancient bone altar of Kikubaaqudgha.
 77714 | Depths:4 | Identified the +6 morningstar "Kedwom" {crush, Str+5}
 77747 | Depths:4 | Killed a juggernaut
 77843 | Depths:4 | Identified the ring of the Coward {rPois rF+ Stlth-}
 77868 | Depths:4 | Identified the ring "Exzoi" {Wiz rF+ rN+ SInv}
 78626 | Depths:4 | Reached skill level 27 in Dodging
 79303 | Depths:4 | Reached XP level 25. HP: 142/142 MP: 38/38
 79570 | Depths:4 | Found the macabre finger necklace {rN+}
 79865 | Depths:4 | Identified the Tome of Virous Unholy Magic
 80005 | Depths:4 | Found a runed translucent door.
 80006 | Depths:4 | Noticed a juggernaut
 80263 | Depths:4 | Found a runed translucent door.
 80498 | D:15     | Lost mutation: You are clumsy. (Dex -2) [potion of
                  | mutation]
 80498 | D:15     | Lost mutation: Your magical capacity is very low. (-20% MP)
                  | [potion of mutation]
 80498 | D:15     | Lost mutation: Your magical capacity is low. (-10% MP)
                  | [potion of mutation]
 80498 | D:15     | Gained mutation: You have an increased reservoir of magic.
                  | (+10% MP) [potion of mutation]
 80498 | D:15     | Gained mutation: You are resistant to hostile enchantments.
                  | (MR+) [potion of mutation]
 80498 | D:15     | Gained mutation: You have a pair of small antennae on your
                  | head. [potion of mutation]
 80582 | Depths:5 | Entered Level 5 of the Depths
 80607 | Depths:5 | Found a runed translucent door.
 81587 | Depths:5 | Noticed Tutoar's ghost (adept FoEn)
 82186 | Depths:5 | Found a gate to the Realm of Zot.
 83929 | Spider:4 | Noticed Donald
 84171 | Spider:4 | Killed Donald
 84373 | Spider:4 | Noticed Mara
 84378 | Spider:4 | Noticed Arachne
 84397 | Spider:4 | Killed Arachne
 84404 | Spider:4 | Noticed KPOPmixtape's illusion
 84559 | Spider:4 | Noticed KPOPmixtape's illusion
 84672 | Spider:4 | Noticed KPOPmixtape's illusion
 84676 | Spider:4 | Killed Mara
 84988 | Spider:4 | Got a gossamer rune of Zot
 85430 | Vaults:5 | Entered Level 5 of the Vaults
 85970 | Vaults:5 | Identified the ring of Uskutoy {rF++ MR+ MP-9 SInv}
 86288 | Vaults:5 | Reached XP level 26. HP: 153/153 MP: 53/53
 86598 | Vaults:5 | Identified the +8 lajatang of Profit {flame, Fragile Int+4}
 86805 | Vaults:5 | Got a silver rune of Zot
 87217 | Zot:1    | Entered Level 1 of the Realm of Zot
 87640 | Zot:1    | Identified the +4 dragonskin cloak
 87640 | Zot:1    | Noticed Tiamat
 90998 | Zot:3    | Paralysed by you for 2 turns
 91284 | Zot:4    | Noticed an orb of fire
 92267 | Zot:4    | Noticed an orb of fire
 92447 | Zot:5    | Entered Level 5 of the Realm of Zot
 92836 | Zot:5    | Noticed an ancient lich
 92846 | Zot:5    | Noticed an ancient lich
 92859 | Zot:5    | Killed an ancient lich
 92874 | Zot:5    | Noticed an orb of fire
 92874 | Zot:5    | Noticed an orb of fire
 92938 | Zot:5    | Noticed an orb of fire
 93008 | Zot:5    | Noticed an orb of fire
 93013 | Zot:5    | Reached XP level 27. HP: 154/160 MP: 56/56
 93021 | Zot:5    | Got the Orb of Zot
 93049 | Zot:5    | Killed an ancient lich
 93061 | Zot:5    | Killed an ancient lich
 93065 | Zot:5    | Killed an ancient lich
 93079 | Zot:5    | Noticed Xejyggem the pandemonium lord
 93241 | Zot:2    | Noticed Qoyponet the pandemonium lord
 93258 | Zot:1    | Noticed Ziucar the pandemonium lord
 93582 | D:14     | Noticed Ganeduse the pandemonium lord
 93727 | D:6      | Noticed Xipnenti the pandemonium lord
 93849 | D:$      | Escaped with the Orb!

Skill      XL: |  1  2  3  4  5  6  7  8  9 10 11 12 13 14 15 16 17 18 19 20 21 22 23 24 25 26 |
---------------+-------------------------------------------------------------------------------+-----
Spellcasting   | 3 4 5 7 8 9 10 11 12 13 14 15 16 18 19 20 23 | 23.4
Stealth        | 5 6 7 8 9 11 13 15 16 18 19 20 21 22 23 24 25 26 27 | 27.0
Hexes          | 4 5 6 7 8 9 10 11 12 13 14 15 | 15.0
Ice Magic      | 1 2 |  2.0
Dodging        | 4 5 6 7 9 10 11 12 14 15 16 17 18 19 21 22 25 27 | 27.0
Short Blades   | 2 3 5 7 8 10 | 10.0
Fighting       | 2 3 5 6 7 8 9 10 11 12 13 14 16 17 20 21 | 21.8
Translocations | 3 |  3.4
Shields        | 2 4 6 7 |  7.2
Earth Magic    | 1 4 6 |  6.0
Necromancy     | 1 4 6 8 |  8.0
Charms         | 5 10 | 10.0
Air Magic      | 3 6 |  6.0

Action                   |  1- 3 |  4- 6 |  7- 9 | 10-12 | 13-15 | 16-18 | 19-21 | 22-24 | 25-27 || total
-------------------------+-------+-------+-------+-------+-------+-------+-------+-------+-------++-------
Melee: Dagger            |    78 |   103 |   251 |   517 |   703 |  1341 |  1524 |  1592 |  1064 ||  7173
 Cast: Corona            |     4 |       |     1 |       |       |       |       |       |       ||     5
       Ensorcelled Hiber |    27 |    60 |    83 |   132 |   221 |   370 |   216 |   191 |   182 ||  1482
       Confuse           |       |     6 |    30 |    61 |    95 |   105 |    30 |    47 |    13 ||   387
       Tukima's Dance    |       |     1 |    17 |     9 |    11 |     1 |       |       |       ||    39
       Blink             |       |       |       |       |     6 |    39 |     4 |     5 |    11 ||    65
       Dazzling Spray    |       |       |       |       |     2 |    31 |     1 |     1 |       ||    35
       Borgnjor's Vile C |       |       |       |       |       |    92 |   177 |   118 |   100 ||   487
       Summon Mana Viper |       |       |       |       |       |    67 |    80 |    75 |    46 ||   268
       Invisibility      |       |       |       |       |       |     8 |     2 |     1 |     2 ||    13
       Regeneration      |       |       |       |       |       |     1 |    11 |     8 |     5 ||    25
       Confusing Touch   |       |       |       |       |       |       |    15 |   111 |    41 ||   167
       Apportation       |       |       |       |       |       |       |     2 |       |     1 ||     3
       Deflect Missiles  |       |       |       |       |       |       |     1 |     1 |       ||     2
Invok: Call Merchant     |       |       |       |       |       |     3 |     2 |       |     1 ||     6
       Potion Petition   |       |       |       |       |       |       |       |     2 |       ||     2
       Bribe Branch      |       |       |       |       |       |       |       |       |     6 ||     6
Evoke: Wand              |       |       |       |     9 |     5 |     8 |     1 |    28 |     5 ||    56
       Lamp of fire      |       |       |       |     1 |     1 |     1 |       |     2 |       ||     5
  Use: Scroll            |       |       |    10 |     1 |    14 |    17 |    12 |     8 |     8 ||    70
       Potion            |       |       |       |       |     1 |    10 |     1 |     3 |     4 ||    19
 Stab: Sleeping          |    25 |    31 |    59 |   126 |   167 |   238 |   163 |   135 |   138 ||  1082
       Confused          |       |     4 |    10 |    29 |    66 |    80 |    37 |   175 |    62 ||   463
       Distracted        |       |       |     2 |     8 |     6 |    24 |    23 |    29 |    28 ||   120
       Invisible         |       |       |       |       |       |    45 |    10 |     6 |     8 ||    69
  Eat: Ration            |       |     2 |     3 |     4 |     5 |    13 |    10 |     9 |     9 ||    55
Armor: Robe              |     4 |     6 |    26 |    23 |    32 |    53 |    33 |    10 |       ||   187
       Acid dragon scale |       |       |       |       |       |       |       |    84 |    68 ||   152
Dodge: Dodged            |    56 |    89 |   181 |   310 |   468 |   961 |   649 |   748 |   769 ||  4231
       Deflected         |       |       |       |       |       |       |    14 |    28 |    16 ||    58
Block: Buckler           |       |       |       |       |   262 |   874 |   660 |   660 |   614 ||  3070
       Reflection        |       |       |       |       |    15 |    54 |   106 |    73 |    38 ||   286
